Map: Thunderbird LE

Players

hrrrufrr - Winner!

  • Race: Terran Terran
  • League: Master
  • Spawn Location: 11:00

Mez

  • Race: Terran Terran
  • League: Master
  • Spawn Location: 5:00

VOD

Have the link to the VOD?

Description

Time

  • Played on: Sept. 5, 2019, 1:10 p.m.
  • Length: 11:55
Show
View Real Time Build Order
Export as new Build Order

hrrrufrr Terran - Winner!

Build Orders: 1/1/1 

Get SALT Encoding   

  12  0:00  SCV  
  13  0:13  SCV  
  14  0:17  Supply Depot  
  14  0:25  SCV  
  15  0:29  Refinery  
  15  0:39  SCV  
  16  0:44  Barracks  
  16  0:51  SCV  
  16  0:54  Refinery  
  17  1:03  SCV  
  18  1:15  SCV  
  19  1:27  SCV  
  19  1:31  Reaper  
  21  1:35  Factory  
  21  1:39  Orbital Command  
  21  1:47  Supply Depot  
  21  2:03  Reaper  
  21  2:05  SCV  
  23  2:19  Hellion  
  23  2:21  Starport  
  25  2:24  SCV  
  26  2:34  Supply Depot  
  26  2:35  Marine  
  26  2:36  SCV  
  28  2:41  Factory Tech Lab  
  28  2:48  SCV  
  29  2:52  Marine  
  29  2:57  Viking  
  32  2:59  Siege Tank  
  32  3:01  SCV  
  36  3:11  Marine  
  37  3:13  SCV  
  37  3:19  Supply Depot  
  38  3:25  SCV  
  39  3:40  Marine, Siege Tank, Viking  
  45  3:45  SCV  
  46  3:51  Supply Depot  
  46  3:58  Marine  
  47  4:06  Supply Depot  
  47  4:12  Siege Tank, SCV, Viking  
  47  4:16  Marine  
  48  4:33  Marine  
  43  4:51  Marine, Siege Tank  
  43  4:52  Viking  
  48  5:09  Marine  
  46  5:23  Viking  
  46  5:25  SCV  
  46  5:27  Marine  
  50  5:29  Siege Tank  
  53  5:35  Command Center  
  47  5:45  Marine  
  44  5:54  SCV, Viking  
  47  6:00  Barracks  
  47  6:02  Marine, Barracks  
  48  6:07  SCV  
  48  6:21  Marine  
  48  6:22  Siege Tank  
  52  6:29  Viking  
  52  6:30  SCV  
  55  6:39  Marine  
  56  6:42  Refinery  
  56  6:43  Refinery  
  54  6:54  Siege Tank  
  54  6:57  Marine  
  54  7:00  Marine  
  58  7:07  Barracks Tech Lab  
  58  7:14  Marine  
  59  7:18  Marine  
  50  7:26  Siege Tank  
  52  7:30  Marine  
  52  7:31  Viking  
  52  7:32  Marine  
  52  7:36  Marine  
  52  7:48  Marine  
  52  7:49  Stimpack  
  52  7:50  Marine, SCV  
  56  7:53  Orbital Command  
  56  7:54  Marine  
  55  7:58  Siege Tank  
  55  8:02  SCV  
  59  8:06  Marine  
  59  8:08  Marine  
  59  8:12  Marine  
  62  8:14  SCV, Starport Reactor  
  63  8:24  Marine  
  63  8:26  Marine, SCV  
  66  8:29  Marine  
  66  8:33  Siege Tank, SCV  
  71  8:38  SCV  
  72  8:41  Marine  
  72  8:44  Marine  
  72  8:47  Marine  
  73  8:58  Medivac x2  
  73  8:59  Marine  
  73  9:01  Marine  
  73  9:02  SCV  
  78  9:04  Supply Depot  
  78  9:09  Marine, SCV  
  80  9:17  Marine  
  80  9:19  Marine  
  80  9:21  Siege Tank  
  85  9:27  Marine  
  85  9:28  Medivac x2  
  90  9:31  Supply Depot  
  90  9:35  Marine, Supply Depot  
  90  9:37  Marine  
  91  9:48  Marine  
  91  9:49  Combat Shield  
  91  9:51  SCV x2  
  94  9:53  Marine  
  94  9:55  Marine  
  94  9:59  Siege Tank  
  99  10:05  Marine  
  100  10:07  Medivac x2  
  100  10:11  Marine  
  100  10:13  Marine  
  106  10:23  Marine, SCV x2  
  109  10:28  Marine  
  109  10:29  Engineering Bay x2  
  110  11:03  Marine x3  
  110  11:31  Marine x2  
  110  11:33  Marine  
Show
View Real Time Build Order
Export as new Build Order

Mez Terran 

Build Orders: Hellion Opening, Reaper Expand 

Get SALT Encoding   

  12  0:01  SCV  
  13  0:13  SCV  
  14  0:17  Supply Depot  
  14  0:25  SCV  
  15  0:38  SCV  
  15  0:40  Barracks  
  16  0:45  Refinery  
  16  0:51  SCV  
  17  1:03  SCV  
  18  1:15  SCV  
  19  1:27  Orbital Command  
  19  1:28  Reaper  
  20  1:41  Command Center  
  20  1:50  Supply Depot  
  20  1:53  SCV  
  21  2:00  Marine  
  22  2:06  SCV  
  23  2:14  Factory  
  23  2:18  SCV  
  23  2:22  Barracks Reactor  
  23  2:24  Refinery  
  23  2:35  SCV  
  24  2:47  SCV  
  25  2:54  Orbital Command  
  25  2:59  Starport  
  25  3:03  SCV  
  25  3:05  Hellion x2  
  30  3:09  Marine  
  29  3:15  SCV  
  29  3:22  SCV  
  29  3:26  Hellion x2  
  34  3:30  Barracks Tech Lab  
  34  3:36  Medivac  
  34  3:39  SCV  
  34  3:40  SCV  
  37  3:48  Hellion x2  
  41  3:53  Supply Depot  
  41  3:56  SCV  
  41  3:57  SCV  
  43  4:08  SCV  
  43  4:09  SCV  
  45  4:22  Viking  
  45  4:23  SCV x2, Hellion x2  
  45  4:24  Marine  
  37  4:53  SCV x2  
  37  4:55  Viking  
  38  5:02  Marine, Hellion x2  
  38  5:05  SCV x2  
  40  5:17  SCV x2  
  40  5:20  Marine  
  39  5:26  Hellion x2  
  43  5:29  SCV  
  43  5:30  SCV  
  45  5:41  SCV  
  45  5:42  SCV  
  39  5:53  Viking  
  39  5:55  Marine, Hellion x2  
  46  5:57  SCV  
  44  6:28  SCV x2  
  44  6:31  Factory Tech Lab  
  46  6:35  Viking  
  48  6:40  SCV x2  
  48  6:43  Command Center, Barracks x2  
  48  6:44  Supply Depot  
  48  6:46  Marine x2  
  52  7:00  Siege Tank  
  51  7:09  Orbital Command  
  51  7:11  SCV  
  40  7:23  Marine x2, SCV  
  35  7:34  Siege Tank  
  35  7:36  SCV x2  
  34  7:48  SCV x2  
  36  7:51  Marine  
  36  7:52  Marine  
  38  8:00  SCV x2  
  40  8:06  Siege Tank  
  40  8:07  Orbital Command  
  43  8:15  SCV x2  
  45  8:21  Raven  
  45  8:23  Barracks Reactor, Barracks Tech Lab  
  47  8:27  SCV x2  
  49  8:35  Marine  
  49  8:36  Marine  
  49  8:39  SCV x2  
  52  8:42  Refinery  
  52  8:43  Refinery  
  52  8:48  Siege Tank  
  55  8:53  Marine  
  54  8:56  Orbital Command  
  54  9:03  Marine x2, SCV x2, Raven  
  54  9:04  Marine x2, Stimpack  
  62  9:11  Marine, Supply Depot  
  62  9:15  SCV x2  
  62  9:16  Engineering Bay  
  65  9:18  Engineering Bay  
  65  9:21  Marine x2, SCV  
  68  9:27  SCV  
  68  9:28  Siege Tank  
  68  9:29  Marine x3  
  75  9:32  SCV  
  75  9:33  SCV  
  77  9:39  SCV  
  77  9:44  SCV  
  79  9:45  SCV, Terran Infantry Armor Level 1, Terran Infantry Weapons Level 1  
  79  9:50  Raven  
  79  9:51  Marine x3  
  85  9:54  Marine  
  85  10:01  Supply Depot  
  85  10:03  Supply Depot x2  
  85  10:22  Barracks  
  85  10:23  Marine, Siege Tank, SCV x3, Barracks  
  85  10:25  Supply Depot  
  85  10:27  Supply Depot  
  92  10:29  Marine  
  92  10:30  Supply Depot  
  92  10:35  SCV x2  
  95  10:44  Viking x2  
  86  11:10  Marine  
  86  11:11  Siege Tank  
  64  11:25  SCV  
  64  11:28  Marine  
Tags
 
Add a new tag
Caveats
  • Supply blocks, unpowered buildings, or Contaminate may cause inaccurate times.
  • Supply counts are checked every 10 seconds.